 Dungeon Crawl Stone Soup version 0.30-a0-377-g5cb311bc9f (webtiles) character file.

Game seed: 9979346804317792146

13570 bande the Cleaver (level 12, -1/75 HPs)
             Began as a Gargoyle Fighter on Nov 30, 2022.
             Was an Elder of Okawaru.
             Slain by a seven-headed hydra (11 damage)
             ... on level 1 of the Lair of Beasts.
             The game lasted 00:24:17 (10768 turns).

bande the Cleaver (Gargoyle Fighter)               Turns: 10768, Time: 00:24:17

Health: -1/75      AC: 40    Str: 26    XL:     12   Next: 7%
Magic:  14/16      EV: 10    Int:  9    God:    Okawaru [****..]
Gold:   110        SH: 13    Dex: 19    Spells: 11/11 levels left

rFire   + . .      SeeInvis .    e - +0 flail (vorpal)
rCold   . . .      Faith    .    c - +0 buckler
rNeg    + . .      Spirit   .    E - +4 plate armour of Autumn {Regen+ Str+2}
rPois   ∞          Reflect  +    S - +2 hat
rElec   +          Harm     .    m - +2 cloak {rPois}
rCorr   +          Rampage  .    R - +1 pair of gloves of Elyvilon's Hope {rF+ rCorr Str+3}
Will    +....                    Q - +1 pair of boots "Furituennou" {+Inv}
Stlth   ..........               i - amulet of reflection
HPRegen 1.12/turn                k - ring of willpower
MPRegen 0.15/turn                z - +6 ring of dexterity

@: mighty, heroic
A: sickness immunity, AC +8, negative energy resistance 1, electricity
resistance, torment resistance 1, petrification resistance
a: Renounce Religion, Evoke Invisibility, Heroism, Finesse


You were on level 1 of the Lair of Beasts.
You worshipped Okawaru.
Okawaru was greatly pleased with you.
You visited 3 branches of the dungeon, and saw 12 of its levels.
You also visited: Bailey.

You collected 734 gold pieces.
You spent 624 gold pieces at shops.

Inventory:

Hand Weapons
 a - a +1 war axe of venom
 e - a +0 vorpal flail (weapon)
 x - the +4 sling of Upnefaph {freeze, Int+2}
   (You found it in a bailey)

   Any ammunition fired from it freezes those it strikes, dealing additional
   cold damage.
   It can also slow down cold-blooded creatures.
   Int:       It affects your intelligence (+2).
 O - a +3 war axe of draining
Missiles
 C - 9 throwing nets (quivered)
Armour
 c - a +0 buckler (worn)
 m - a +2 cloak of poison resistance (worn)
 w - a +2 scale mail of fire resistance
 E - the +4 plate armour of Autumn (worn) {Regen+ Str+2}
   (You found it on level 7 of the Dungeon)

   Str:       It affects your strength (+2).
   Regen:     It increases your rate of health regeneration.
 H - the +0 ring mail of the Eight Boll Weevils {rC+++ Str+2 Dex-2 SInv}
   (You found it in a bailey)

   Str:       It affects your strength (+2).
   Dex:       It affects your dexterity (-2).
   rC:        It renders you almost immune to cold.
   SInv:      It lets you see invisible.
 L - a scarf of repulsion
 Q - the +1 pair of boots "Furituennou" (worn) {+Inv}
   (You bought it in a shop on level 3 of the Dungeon)

   +Inv:      It lets you turn invisible.
 R - the +1 pair of gloves of Elyvilon's Hope (worn) {rF+ rCorr Str+3}
   (You bought it in a shop on level 3 of the Dungeon)

   Str:       It affects your strength (+3).
   rF:        It protects you from fire.
   rCorr:     It protects you from acid and corrosion.
 S - a +2 hat (worn)
Jewellery
 i - an amulet of reflection (around neck)
 k - a ring of willpower (left hand)
 l - a +6 ring of strength
 p - a ring of positive energy
 u - a ring of fire
 z - a +6 ring of dexterity (right hand)
 D - an amulet of regeneration
 M - an amulet of guardian spirit
Wands
 s - a wand of light (15)
 t - a wand of flame (12)
 J - a wand of roots (12)
 P - a wand of digging (6)
Scrolls
 b - a scroll of blinking
 f - 4 scrolls of identify
 h - 4 scrolls of teleportation
 o - a scroll of poison
 v - a scroll of magic mapping
 y - 2 scrolls of enchant weapon
 A - a scroll of fear
Potions
 d - a potion of might
 g - 7 potions of curing
 j - a potion of cancellation
 n - a potion of berserk rage
 r - a potion of invisibility
 B - a potion of mutation
 F - 2 potions of resistance
 G - 2 potions of brilliance


   Skills:
 + Level 8.4(13.4) Fighting
 + Level 11.3(16.3) Axes
 + Level 9.0(14.0) Armour
 - Level 0.2(5.2) Stealth
 + Level 7.3(12.3) Shields
 * Level 5.3 Invocations
 * Level 6.6 Evocations


You had 11 spell levels left.
You didn't know any spells.
Your spell library contained the following spells:

 Spells                   Type           Power      Damage    Failure   Level
 Apportation              Tloc           0%         N/A       98%         1
 Necrotise                Necr           0%         1d4       98%         1
 Dazzling Flash           Conj/Hex       0%         N/A       100%        3
 Hailstorm                Conj/Ice       0%         3d3       100%        3
 Inner Flame              Hex/Fire       0%         N/A       100%        3
 Cause Fear               Hex            0%         N/A       100%        4
 Ice Form                 Ice/Tmut       0%         N/A       100%        4
 Iskenderun's Mystic Bla  Conj/Tloc      0%         2d3       100%        4
 Borgnjor's Vile Clutch   Necr/Erth      0%         N/A       100%        5
 Starburst                Conj/Fire      0%         6d3       100%        6
 Discord                  Hex            0%         N/A       100%        8
 Summon Small Mammal      Summ           Unusable   N/A       N/A         1
 Animate Dead             Necr           Unusable   N/A       N/A         4
 Death Channel            Necr           Unusable   N/A       N/A         6
 Simulacrum               Ice/Necr       Unusable   N/A       N/A         6

Dungeon Overview and Level Annotations

Branches:
Dungeon (10/15)            Temple (1/1) D:7            Lair (1/5) D:10
 Bailey (visited)
    Orc: D:9-12

Altars:
Ashenzari
Cheibriados
Dithmenos
Elyvilon
Fedhas
Gozag
Hepliaklqana
Kikubaaqudgha
Makhleb
Nemelex Xobeh
Okawaru
Qazlal
Ru
Sif Muna
Trog
Uskayaw
Vehumet
Wu Jian
Xom
Yredelemnul
Zin
The Shining One

Shops:
D:3 ?[([[   D:7 :   D:10 *


Innate Abilities, Weirdness & Mutations

You are immune to sickness and miasma.
Your stone body is resilient. (AC +8)
You are immune to poison.
You resist negative energy. (rN+)
You are resistant to electric shocks. (rElec)
You are resistant to unholy torment.
You are immune to petrification.


Message History

The seven-headed hydra bites you. The water moccasin closely misses you.
You hit the seven-headed hydra.
The seven-headed hydra is lightly wounded.
The water moccasin bites you but does no damage.
The seven-headed hydra bites you. x2
The seven-headed hydra bites you but does no damage.
The seven-headed hydra barely misses you.
The seven-headed hydra bites you but does no damage. x2
You block the seven-headed hydra's attack.
The water moccasin barely misses you.
You hit the seven-headed hydra.
The seven-headed hydra is moderately wounded.
The seven-headed hydra barely misses you.
The seven-headed hydra closely misses you. x2
The seven-headed hydra bites you!
* * * LOW HITPOINT WARNING * * *
You block the seven-headed hydra's attack.
The seven-headed hydra bites you but does no damage.
The seven-headed hydra closely misses you.
The water moccasin bites you but does no damage.
Okay, then.
You feel very mighty all of a sudden.
The water moccasin bites you but does no damage.
You block the seven-headed hydra's attack. x3
The seven-headed hydra bites you but does no damage.
The seven-headed hydra bites you!
* * * LOW HITPOINT WARNING * * *
The seven-headed hydra bites you but does no damage.
The seven-headed hydra bites you.
* * * LOW HITPOINT WARNING * * *
You gain the combat prowess of a mighty hero.
The water moccasin bites you.
* * * LOW HITPOINT WARNING * * *
You block the seven-headed hydra's attack.
The seven-headed hydra barely misses you.
The seven-headed hydra bites you but does no damage.
You block the seven-headed hydra's attack.
The seven-headed hydra closely misses you.
The seven-headed hydra bites you!
You die...

....###########........# #######
....#P#P#.##.##........####.#.#..
.................................
..............(..................
.................................
...........................[.....
.................................
.)...............>...............
...............D@................
...............S.................
....#########.#..........#.#P####
.. ###........####### #........#
#........## ##.........#
#....†.....# ##......>.##


You could see a seven-headed hydra and a water moccasin.

Vanquished Creatures
  A boulder beetle (D:10)
  A two-headed ogre (D:8)
  The ghost of baller8008 the Magician, a novice DjCj (D:5)
  2 unseen horror zombies (D:9)
  Grinder (D:4)
  2 trolls (D:9)
  A hornet (D:8)
  3 blink frogs (Lair:1)
  26 yaks
  4 wyverns
  2 steam dragons
  An acid dragon (D:9)
  2 water moccasins
  Duvessa (D:5)
  A sky beast (D:7)
  An ice beast (D:6)
  A black bear (D:5)
  An orc warrior (D:8)
  6 wolves
  2 centaurs
  2 phantoms
  5 bullfrogs
  3 necrophages
  10 gnoll sergeants
  6 scorpions
  9 wights
  Dowan (D:5)
  6 howler monkeys
  4 electric eels
  15 hounds
  2 centaur zombies (D:9)
  7 gnoll boudas
  Crazy Yiuf (D:4)
  2 water moccasin simulacra (D:5)
  A human zombie (D:9)
  4 jellies
  7 orc priests
  2 iguanas
  An orc wizard (D:8)
  A scorpion simulacrum (D:5)
  7 adders
  26 gnolls
  A hound simulacrum (D:5)
  3 white imps
  An ufetubus (D:4)
  4 worms
  An adder simulacrum (D:5)
  2 dart slugs
  33 orcs
  3 ball pythons
  6 bats
  5 endoplasms
  A giant cockroach (D:3)
  8 goblins
  2 hobgoblins
  4 quokkas
  A frilled lizard (D:1)
  5 kobolds
  A rat (D:3)
  A spectral orc (D:9)
264 creatures vanquished.

Notes
Turn   | Place    | Note
-------+----------+-------------------------------------------
     0 | D:1      | bande the Gargoyle Fighter began the quest for the Orb.
     0 | D:1      | Reached XP level 1. HP: 14/14 MP: 1/1
    63 | D:1      | Found a faded altar of an unknown god.
   267 | D:1      | Reached XP level 2. HP: 19/19 MP: 2/2
   664 | D:1      | Reached skill level 2 in Axes
   796 | D:1      | Reached XP level 3. HP: 20/23 MP: 3/3
  1289 | D:2      | Reached XP level 4. HP: 26/29 MP: 4/4
  2146 | D:3      | Found Azyv's Magic Scroll Shoppe.
  2266 | D:3      | Reached skill level 3 in Axes
  2266 | D:3      | Reached XP level 5. HP: 33/33 MP: 5/5
  2485 | D:3      | Identified the +3 chain mail of the Dungeon {+Inv rF-
                  | Will++ Regen+}
  2504 | D:3      | Found Dizecs's Antique Armour Boutique.
  2603 | D:3      | Found Rauxeng's Antique Weapon Shop.
  2662 | D:3      | Found Jeinwoodgh's Armour Emporium.
  2670 | D:3      | Reached XP level 6. HP: 37/39 MP: 6/6
  2728 | D:3      | Found Cousac's Antique Armour Shoppe.
  3110 | D:4      | Reached skill level 4 in Axes
  3283 | D:4      | Found a sacrificial altar of Ru.
  3499 | D:4      | Noticed Grinder
  3512 | D:4      | Killed Grinder
  3513 | D:4      | Reached skill level 5 in Axes
  3513 | D:4      | Reached skill level 5 in Armour
  3513 | D:4      | Reached XP level 7. HP: 40/44 MP: 7/7
  3767 | D:4      | Found a runed translucent door.
  3768 | D:4      | Noticed Crazy Yiuf
  3774 | D:4      | Killed Crazy Yiuf
  3844 | D:5      | Entered Level 5 of the Dungeon
  3879 | D:5      | Noticed Dowan
  3880 | D:5      | Noticed Duvessa
  3921 | D:5      | Killed Duvessa
  3928 | D:5      | Killed Dowan
  3929 | D:5      | Reached skill level 1 in Evocations
  3992 | D:5      | Reached skill level 5 in Fighting
  3996 | D:5      | Reached XP level 8. HP: 35/49 MP: 8/8
  4078 | D:5      | Reached skill level 6 in Axes
  4143 | D:5      | Found a broken altar of Ashenzari.
  4255 | D:5      | Found a runed translucent gate.
  4255 | D:5      | Found a runed translucent gate.
  4255 | D:5      | Found a runed translucent gate.
  4351 | D:5      | Noticed baller8008's ghost (novice DjCj)
  4411 | D:5      | Found a glowing golden altar of the Shining One.
  4962 | D:5      | Killed baller8008's ghost
  4963 | D:5      | Reached skill level 7 in Axes
  4963 | D:5      | Reached skill level 5 in Shields
  4963 | D:5      | Reached XP level 9. HP: 55/55 MP: 9/9
  5436 | D:5      | Reached skill level 8 in Axes
  5948 | D:6      | Reached XP level 10. HP: 61/61 MP: 10/10
  6106 | D:6      | Found a sparkling altar of Nemelex Xobeh.
  6195 | D:6      | Reached skill level 9 in Axes
  6312 | D:7      | Found a shimmering blue altar of Sif Muna.
  6319 | D:7      | Found a radiant altar of Vehumet.
  6336 | D:7      | Found a snail-covered altar of Cheibriados.
  6416 | D:7      | Found a shimmering altar of Xom.
  6432 | D:7      | Identified the +4 plate armour of Autumn {Regen+ Str+2}
  6456 | D:7      | Found a staircase to the Ecumenical Temple.
  6489 | Temple   | Entered the Ecumenical Temple
  6709 | D:7      | Found an iron altar of Okawaru.
  6720 | D:7      | Became a worshipper of Warmaster Okawaru
  6832 | D:7      | Found Nesamips's Book Shoppe.
  7027 | D:8      | Noticed a two-headed ogre
  7035 | D:8      | Killed a two-headed ogre
  7035 | D:8      | Reached * piety under Okawaru
  7036 | D:8      | Reached skill level 1 in Invocations
  7057 | D:8      | Found a flagged portal.
  7079 | Bailey   | Entered a bailey
  7221 | Bailey   | Reached skill level 5 in Evocations
  7489 | Bailey   | Identified the +4 sling of Upnefaph {freeze, Int+2}
  7544 | Bailey   | Reached ** piety under Okawaru
  7560 | Bailey   | Reached skill level 10 in Axes
  7780 | Bailey   | Identified the +0 ring mail of the Eight Boll Weevils
                  | {rC+++ Str+2 Dex-2 SInv}
  8122 | D:8      | Reached XP level 11. HP: 67/67 MP: 13/13
  8479 | D:9      | Reached *** piety under Okawaru
  8614 | D:9      | Found an ancient bone altar of Kikubaaqudgha.
  8763 | D:9      | Found a glowing silver altar of Zin.
  8918 | D:9      | Found a basalt altar of Yredelemnul.
  8967 | D:9      | Found an ornate altar of the Wu Jian Council.
  8967 | D:9      | Found a shadowy altar of Dithmenos.
  9015 | D:10     | Entered Level 10 of the Dungeon
  9138 | D:10     | Found a staircase to the Lair.
  9206 | D:9      | Reached **** piety under Okawaru
  9322 | D:10     | Found a bloodstained altar of Trog.
  9440 | D:10     | Noticed a boulder beetle
  9483 | D:10     | Killed a boulder beetle
  9484 | D:10     | Reached skill level 11 in Axes
  9773 | D:10     | Reached skill level 5 in Invocations
  9891 | D:10     | Found Teme's Fire Supplies.
 10253 | D:3      | Bought a pair of bloodstained boots for 228 gold pieces
 10253 | D:3      | Identified the +1 pair of boots "Furituennou" {+Inv} (You
                  | bought it in a shop on level 3 of the Dungeon)
 10253 | D:3      | Bought a pair of ichor-stained gloves for 228 gold pieces
 10253 | D:3      | Identified the +1 pair of gloves of Elyvilon's Hope {rF+
                  | rCorr Str+3} (You bought it in a shop on level 3 of the
                  | Dungeon)
 10253 | D:3      | Bought a runed hat for 168 gold pieces
 10469 | Lair:1   | Entered Level 1 of the Lair of Beasts
 10568 | Lair:1   | Received a gift from Okawaru
 10585 | Lair:1   | Reached XP level 12. HP: 75/75 MP: 15/15
 10744 | Lair:1   | Noticed a seven-headed hydra
 10768 | Lair:1   | Slain by a seven-headed hydra

Illustrated notes

Levels and vault maps discovered:
D:1:      tarquinn_simple_flora_water_a, layout_basic,
          shapermc_ecumenical_altar_notcrosses
D:2:      layout_basic
D:3:      layout_loops_cross, serial_shops, nicolae_shop_trees, shop, shop,
          shop, nicolae_lakefront_shop, minmay_misc_feat_room
D:4:      layout_loops_ring, hangedman_ru_absence, uniq_grinder,
          uniq_crazy_yiuf_cottage
D:5:      layout_cave_pools, mainiacjoe_overflow_alcove_1,
          nicolae_tso_swordbearing_angel, gammafunk_ghost_icy, uniq_duvessa
D:6:      layout_rooms, nemelex_diamond_rough_becter
D:7:      layout_rooms, lemuel_tele_altar, fiery_altar_vehumet,
          mainiacjoe_overflow_paths, lemuel_crystal_altar,
          cheibrodos_worm_habitat, minmay_temple_entry_mini_moons, serial_shops,
          nicolae_shop_behind_doors
D:8:      layout_gridville, enter_bailey_5
D:9:      layout_rooms, lemuel_mausoleum_altar_kikubaaqudgha,
          yredelemnul_forgotten_temple_becter, zin_academy,
          nicolae_overflow_two_pavilions
D:10:     layout_roguey, mainiacjoe_overflow_tiny_flanked, erik_lair_island,
          amcnicky_mini_rare_corridor_liquid, nicolae_shop_fire_sale
          [nicolae_sub_dead_trees], nzn_sisyphean_effort
Temple:   hellmonk_temple_of_storms
Lair:1:   layout_big_grid

Skill      XL: |  1  2  3  4  5  6  7  8  9 10 11 |
---------------+----------------------------------+-----
Axes           | 2 3 5 7 8 10 11 | 11.3
Armour         | 4 5 6 7 8 9 |  9.0
Fighting       | 4 5 6 7 8 |  8.4
Shields        | 4 5 6 7 |  7.3
Evocations     | 1 2 4 5 6 |  6.6
Invocations    | 3 5 |  5.3
Stealth        | |  0.2

Action                   |  1- 3 |  4- 6 |  7- 9 | 10-12 || total
-------------------------+-------+-------+-------+-------++-------
Melee: War axe           |    57 |   128 |   191 |   485 ||   861
       Flail             |       |       |       |     9 ||     9
Invok: Heroism           |       |       |       |     1 ||     1
  Use: Scroll            |       |    12 |     5 |     7 ||    24
       Potion            |       |     1 |       |     3 ||     4
Armor: Scale mail        |    39 |    32 |       |       ||    71
       Chain mail        |       |    37 |   227 |    37 ||   301
       Plate armour      |       |       |       |   569 ||   569
Dodge: Dodged            |    23 |    53 |    78 |   202 ||   356
Block: Buckler           |    12 |    29 |    52 |   265 ||   358

Table legend: (Time is in decaauts)
 A = Elapsed time spent in this place.
 B = Non-inter-level travel time spent in this place.
 C = Inter-level travel time spent in this place.
 D = Time resting spent in this place.
 E = Time spent auto-exploring this place.
 F = Levels seen in this place.
 G = Mean time per level.
                   A        B        C        D        E       F      G
               +--------+--------+--------+--------+--------+-----+--------+
         Total |  10939 |  10235 |    704 |   2439 |   5418 |  13 |  841.5 |
       Dungeon |   9702 |   8998 |    704 |   1990 |   4978 |  10 |  970.2 |
        Temple |     45 |     45 |      0 |      0 |     28 |   1 |   45.0 |
          Lair |    298 |    298 |      0 |      0 |    190 |   1 |  298.0 |
        Bailey |    893 |    893 |      0 |    449 |    222 |   1 |  893.0 |
               +--------+--------+--------+--------+--------+-----+--------+

Top non-repeatable levels by time:
     D:5: 1531 daAuts
     D:2: 1326 daAuts
    D:10: 1069 daAuts
     D:6: 1009 daAuts
     D:3: 1001 daAuts
  Bailey: 893 daAuts
     D:4: 875 daAuts
     D:1: 856 daAuts
     D:9: 811 daAuts
     D:7: 727 daAuts
     D:8: 492 daAuts
  Lair:1: 298 daAuts
  Temple: 45 daAuts
